 Dungeon Crawl Stone Soup version 0.27-a0-1065-ge809cff456 (webtiles) character file.

Game seed: 10035128977605903500

725 BritishOli the Skirmisher (level 7, -5/56 HPs)
             Began as a Demonspawn Fighter on Apr 22, 2021.
             Slain by Pikel
             ... wielding a +1 whip of freezing
              (6 damage)
             ... on level 5 of the Dungeon.
             The game lasted 00:08:08 (5494 turns).

BritishOli the Skirmisher (Demonspawn Fighter)      Turns: 5494, Time: 00:08:09

Health: -5/56      AC:  9    Str: 25    XL:     7   Next: 43%
Magic:  7/7        EV:  7    Int:  9    God:
Gold:   115        SH: 10    Dex: 12    Spells: 6/6 levels left

rFire    . . .     SeeInvis .   a - +0 long sword
rCold    + . .     Faith    .   c - +0 kite shield
rNeg     . . .     Spirit   .   b - +0 scale mail
rPois    .         Reflect  .   (no helmet)
rElec    .         Harm     .   (no cloak)
rCorr    .         Rampage  .   (no gloves)
Will     .....                  u - +0 pair of boots
Stlth    ..........             (no amulet)
HPRegen  0.18/turn              q - +6 ring of strength
MPRegen  0.10/turn              s - ring of protection from cold

@: no status effects
A: claws 2, sharp scales 1, demonic magic 1
a: no special abilities


You were on level 5 of the Dungeon.
You visited 2 branches of the dungeon, and saw 6 of its levels.

You collected 115 gold pieces.

Inventory:

Hand Weapons
 a - a +0 long sword (weapon)
 v - the +5 halberd "Saegeol" {vorpal, rN+++ Will- MP+9 Int-5}
   (You found it on level 4 of the Dungeon)

   It inflicts extra damage upon your enemies.
   It affects your intelligence (-5).
   It renders you almost immune to negative energy.
   It affects your magic capacity (+9).
   It decreases your willpower.
Armour
 b - a +0 scale mail (worn)
 c - a +0 kite shield (worn)
 u - a +0 pair of boots (worn)
Jewellery
 n - a ring of magical power
 q - a +6 ring of strength (left claw)
 s - a ring of protection from cold (right claw)
Scrolls
 e - a scroll of summoning {unknown}
 g - a scroll of enchant armour {unknown}
 i - 4 scrolls of identify {unknown}
 k - 3 scrolls of immolation {unknown}
 o - 3 scrolls of silence {unknown}
 t - a scroll of enchant weapon {unknown}
 w - a scroll of fear {unknown}
Potions
 d - 3 potions of might
 f - 5 potions of curing {unknown}
 h - 2 potions of heal wounds {unknown}
 j - 4 potions of mutation {unknown}
 l - 2 potions of magic {unknown}
 m - a potion of brilliance {unknown}
 p - a potion of berserk rage {unknown}
 r - 2 potions of haste {unknown}


   Skills:
 + Level 5.0 Fighting
 + Level 4.0 Long Blades
 + Level 4.6 Armour
 + Level 4.6 Shields


You had 6 spell levels left.
You didn't know any spells.
Your spell library contained the following spells:

 Spells                   Type           Power      Damage    Failure   Level
 Confusing Touch          Hex            0%         N/A       100%        3
 Gell's Gravitas          Tloc           0%         N/A       100%        3
 Petrify                  Tmut/Erth      0%         N/A       100%        4
 Metabolic Englaciation   Hex/Ice        0%         N/A       100%        5
 Yara's Violent Unravell  Hex/Tmut       0%         3d3       100%        5


Dungeon Overview and Level Annotations

Branches:
Dungeon (5/15)             Temple (1/1) D:4

Altars:
Ashenzari
Cheibriados
Dithmenos
Elyvilon
Hepliaklqana
Makhleb
Ru
Sif Muna
Uskayaw
Xom
Zin
Jiyva

Annotations:
D:3 2 transporters, Dwachs's ghost, amateur OpTm
D:5 Pikel


Innate Abilities, Weirdness & Mutations

You have very sharp fingernails.
You are partially covered in razor-sharp scales. (AC +1, Slay +1)
Spells you cast may paralyse adjacent enemies.


Message History

Pikel barely misses you.
You hit Pikel.
Pikel is severely wounded.
You block Pikel's attack.
Pikel hits you with a +1 whip of freezing.
You hit Pikel but do no damage.
Pikel is severely wounded.
You block Pikel's attack.
You closely miss Pikel.
Pikel is severely wounded.
You block Pikel's attack.
You closely miss Pikel.
Pikel is severely wounded.
You block Pikel's attack.
Pikel hits you with a +1 whip of freezing.
You closely miss Pikel.
Pikel is severely wounded.
You block Pikel's attack.
You closely miss Pikel.
Pikel is severely wounded.
Pikel hits you with a +1 whip of freezing.
Pikel hits you with a +1 whip of freezing!
* * * LOW HITPOINT WARNING * * *
Pikel freezes you.
* * * LOW HITPOINT WARNING * * *
You hit Pikel.
Pikel is severely wounded.
You block Pikel's attack.
You barely miss Pikel.
Pikel is severely wounded.
Pikel hits you with a +1 whip of freezing.
* * * LOW HITPOINT WARNING * * *
You closely miss Pikel.
Pikel is severely wounded.
Pikel hits you with a +1 whip of freezing.
* * * LOW HITPOINT WARNING * * *
Pikel freezes you.
* * * LOW HITPOINT WARNING * * *
Pikel hits you with a +1 whip of freezing.
You die...

#### #.......+...#
######..#######.......#...#
.................##..##...#
.................##..##...#
##......#######..#...##...#
##......# ##..#........#
##..##..# #...#..55....#
##..##### #...#..K##+###
##..+ ###@##..# .#..#
#K##..# .#..# #55...# .#..#
#5....# .#... #.....# .#
####### .# ## .#


You could see Pikel and 3 lemures.

Vanquished Creatures
  The ghost of hemabe71 the Charlatan, an amateur HuAr (D:4)
  A necrophage (D:4)
  A centaur (D:4)
  A lemure (D:5)
  2 scorpions
  A hound (D:4)
  An iguana (D:5)
  A hound skeleton (D:4)
  Robin (D:2)
  4 adders
  A river rat (D:4)
  2 ufetubi (D:4)
  An adder skeleton (D:4)
  6 dart slugs
  An orc (D:3)
  4 endoplasms
  7 giant cockroaches
  15 goblins
  11 hobgoblins
  7 jackals
  2 quokkas
  7 ball pythons
  8 bats
  2 frilled lizards (D:1)
  8 kobolds
  4 rats
100 creatures vanquished.

Notes
Turn   | Place    | Note
-------+----------+-------------------------------------------
     0 | D:1      | BritishOli the Demonspawn Fighter began the quest for the
                  | Orb.
     0 | D:1      | Reached XP level 1. HP: 18/18 MP: 1/1
   255 | D:1      | Gained mutation: You have sharp fingernails. [demonic
                  | ancestry]
   255 | D:1      | Reached XP level 2. HP: 24/24 MP: 2/2
  1116 | D:2      | Reached XP level 3. HP: 26/29 MP: 3/3
  1247 | D:2      | Noticed Robin
  1692 | D:2      | Killed Robin
  2196 | D:2      | Reached XP level 4. HP: 35/35 MP: 4/4
  2557 | D:3      | Found a shimmering blue altar of Sif Muna.
  2708 | D:3      | Noticed Dwachs's ghost (amateur OpTm)
  2709 | D:3      | Found a transporter.
  2953 | D:3      | Found a hazy altar of Hepliaklqana.
  2955 | D:3      | Found a shadowy altar of Dithmenos.
  2956 | D:3      | Noticed a shadow
  2981 | D:3      | Found a faded altar of an unknown god.
  3376 | D:3      | Noticed a scorpion
  3386 | D:3      | Killed a scorpion
  3387 | D:3      | Gained mutation: You have very sharp fingernails. [demonic
                  | ancestry]
  3387 | D:3      | Reached XP level 5. HP: 30/42 MP: 5/5
  3549 | D:3      | Identified the +7 great mace "Nalux" {spect, Int+4}
  3549 | D:3      | Noticed an ogre
  3549 | D:3      | Noticed an ogre
  3550 | D:3      | Found a transporter.
  3553 | D:3      | Noticed an ogre
  3576 | D:3      | Reached skill level 4 in Fighting
  3712 | D:4      | Noticed a +0 dagger
  3713 | D:4      | Noticed a +0 spear
  3713 | D:4      | Noticed a +0 falchion
  3714 | D:4      | Noticed a +0 falchion
  3715 | D:4      | Noticed a +0 short sword
  3715 | D:4      | Noticed a +0 short sword
  3717 | D:4      | Noticed a +0 dagger
  3720 | D:4      | Noticed a +0 spear
  3720 | D:4      | Noticed a necrophage
  3722 | D:4      | Found a hide-covered altar of Uskayaw.
  3724 | D:4      | Noticed a centaur
  3731 | D:4      | Killed a necrophage
  3732 | D:4      | Gained mutation: You are partially covered in razor-sharp
                  | scales. (AC +1, Slay +1) [demonic ancestry]
  3732 | D:4      | Reached XP level 6. HP: 36/48 MP: 6/6
  3766 | D:4      | Found a runed translucent door.
  3918 | D:4      | Found a staircase to the Ecumenical Temple.
  3975 | Temple   | Entered the Ecumenical Temple
  4793 | D:4      | Noticed hemabe71's ghost (amateur HuAr)
  4816 | D:4      | Found a broken altar of Ashenzari.
  4872 | D:4      | Found a runed translucent door.
  5096 | D:4      | Killed hemabe71's ghost
  5097 | D:4      | Reached skill level 5 in Fighting
  5097 | D:4      | Gained mutation: Spells you cast may paralyse adjacent
                  | enemies. [demonic ancestry]
  5097 | D:4      | Reached XP level 7. HP: 38/56 MP: 7/7
  5101 | D:4      | Identified the +5 halberd "Saegeol" {vorpal, rN+++ Will-
                  | MP+9 Int-5}
  5216 | D:5      | Entered Level 5 of the Dungeon
  5457 | D:5      | Noticed Pikel
  5494 | D:5      | HP: 2/56 [Pikel/+1 whip of freezing (3)]
  5494 | D:5      | Slain by Pikel

Illustrated notes

Levels and vault maps discovered:
D:1:      minmay_arrival_shattered_statue, layout_basic, minmay_misc_feat_square
D:2:      layout_basic, uniq_robin
D:3:      layout_loops_ring, riverfiend_overflow_shadow_ancestor,
          overflow_temple_1_default, ebering_ecumenical_altar_hall,
          gammafunk_ghost_smash, kennysheep_generic_room_2
D:4:      layout_loops_cross, lemuel_tele_altar, nicolae_uskayaw_en_pointe,
          old_standard_altar, minmay_temple_entry_water_ring,
          ebering_ghost_sewer_f
D:5:      layout_gridville, uniq_pikel, uniq_prince_ribbit1
Temple:   pf_slime_end_temple

Skill      XL: |  1  2  3  4  5  6 |
---------------+-------------------+-----
Long Blades    | 2 3 4 |  4.0
Shields        | 3 4 |  4.6
Armour         | 3 4 |  4.6
Fighting       | 4 5 |  5.0

Action                   |  1- 3 |  4- 6 |  7- 9 || total
-------------------------+-------+-------+-------++-------
Melee: Long sword        |   112 |   192 |    37 ||   341
Armor: Scale mail        |    65 |   109 |     4 ||   178
Dodge: Dodged            |    40 |    69 |     9 ||   118
Block: Kite shield       |    76 |   123 |    20 ||   219
       Rpst.: Long sword |    19 |    31 |     4 ||    54

Table legend: (Time is in decaauts)
 A = Elapsed time spent in this place.
 B = Non-inter-level travel time spent in this place.
 C = Inter-level travel time spent in this place.
 D = Time resting spent in this place.
 E = Time spent auto-exploring this place.
 F = Levels seen in this place.
 G = Mean time per level.
                   A        B        C        D        E       F      G
               +--------+--------+--------+--------+--------+-----+--------+
         Total |   5673 |   5562 |    111 |    461 |   4206 |   6 |  945.5 |
       Dungeon |   5530 |   5434 |     96 |    461 |   4080 |   5 | 1106.0 |
        Temple |    142 |    127 |     15 |      0 |    126 |   1 |  142.0 |
               +--------+--------+--------+--------+--------+-----+--------+

Top non-repeatable levels by time:
     D:2: 1489 daAuts
     D:4: 1434 daAuts
     D:3: 1175 daAuts
     D:1: 1138 daAuts
     D:5: 292 daAuts
  Temple: 142 daAuts
